 Dungeon Crawl Stone Soup version 0.28-a0-1594-ga885d4b3d6 (webtiles) character file.

Game seed: 1141940320371159167

438 HallandMoats the Shield-Bearer (level 6, -6/48 HPs)
             Began as a Demonspawn Fighter on Jan 21, 2022.
             Was an Initiate of Qazlal.
             Splashed by a jelly's acid (11 damage)
             ... on level 6 of the Dungeon.
             The game lasted 00:04:53 (3756 turns).

HallandMoats the Shield-Bearer (Demonspawn Fighter) Turns: 3756, Time: 00:04:53

Health: -6/48      AC: -4    Str: 17    XL:     6   Next: 69%
Magic:  7/7        EV:  5    Int:  9    God:    Qazlal [......]
Gold:   222        SH:  9    Dex: 14    Spells: 5/5 levels left

rFire   . . .      SeeInvis .     - Unarmed
rCold   . . .      Faith    .   c - +0 buckler
rNeg    . . .      Spirit   .   j - +0 plate armour
rPois   .          Reflect  .   m - +2 helmet
rElec   .          Harm     .   d - +0 cloak
rCorr   .          Rampage  .   (no gloves)
Will    .....                   (no boots)
Stlth   ..........              (no amulet)
HPRegen 0.16/turn               (no ring)
MPRegen 0.10/turn               (no ring)

@: corroded, invisible
A: claws 1, icemail 1, condensation shield
a: Renounce Religion


You were on level 6 of the Dungeon.
You worshipped Qazlal.
Qazlal was noncommittal.
You visited 2 branches of the dungeon, and saw 6 of its levels.

You collected 222 gold pieces.

Inventory:

Hand Weapons
 a - a +0 war axe
Armour
 c - a +0 buckler (worn)
 d - a +0 cloak (worn)
 j - a +0 plate armour (worn)
 m - a +2 helmet (worn)
Jewellery
 b - a ring of wizardry
 n - an amulet of magic regeneration
Wands
 p - a wand of digging (4)
Scrolls
 f - a scroll of amnesia {unknown}
 g - a scroll of teleportation {unknown}
 i - 2 scrolls of enchant armour {unknown}
 o - a scroll of vulnerability {unknown}
Potions
 h - a potion of degeneration {unknown}
 k - 2 potions of mutation {unknown}
 l - a potion of brilliance
 q - a potion of curing {unknown}
 r - 2 potions of heal wounds {unknown}


   Skills:
 + Level 3.8 Fighting
 * Level 3.5 Axes
 + Level 3.3 Armour
 + Level 1.6 Dodging
 * Level 3.9 Shields
 * Level 1.7 Unarmed Combat
 + Level 2.6 Invocations


You had 5 spell levels left.
You didn't know any spells.
Your spell library contained the following spells:

 Spells                   Type           Power      Damage    Failure   Level
 Freeze                   Ice            0%         1d3       100%        1
 Frozen Ramparts          Ice            0%         1d2       100%        3
 Summon Ice Beast         Ice/Summ       0%         N/A       100%        4


Dungeon Overview and Level Annotations

Branches:
Dungeon (6/15)             Temple (1/1) D:5

Altars:
Ashenzari
Cheibriados
Dithmenos
Elyvilon
Fedhas
Gozag
Hepliaklqana
Kikubaaqudgha
Makhleb
Nemelex Xobeh
Okawaru
Qazlal
Ru
Sif Muna
Trog
Uskayaw
Vehumet
Wu Jian
Xom
Yredelemnul
The Shining One

Shops:
D:2 *   D:3 *


Innate Abilities, Weirdness & Mutations

You have sharp fingernails.
A meltable icy envelope protects you from harm. (AC +4)
A meltable shield of frost defends you. (SH +4)


Message History

You open the door. The jelly hits you but does no damage.
There is an open door here.
The jelly hits you but does no damage. You block the jelly's attack.
You scratch the jelly. The acid corrodes you!
Your claws burn!
The jelly is lightly wounded.
The jelly barely misses you.
You scratch the jelly.
Your claws burn!
The jelly is moderately wounded.
You block the jelly's attack.
You scratch the jelly. The acid corrodes you!
Your claws burn!
The jelly is moderately wounded.
The jelly closely misses you.
You scratch the jelly.
Your claws burn!
The jelly is moderately wounded.
You block the jelly's attack.
You claw the jelly! The acid corrodes you!
Your claws burn!
The jelly is heavily wounded.
The jelly hits you but does no damage.
You scratch the jelly but do no damage. The acid corrodes you!
Your claws burn!
The jelly is heavily wounded.
The jelly hits you. The acid corrodes you!
You are splashed with acid!
You scratch the jelly but do no damage.
Your claws burn!
The jelly is heavily wounded.
The jelly barely misses you.
It was a potion of invisibility.
You fade into invisibility!
The jelly hits you.
* * * LOW HITPOINT WARNING * * *
The acid corrodes you!
You are splashed with acid!
* * * LOW HITPOINT WARNING * * *
Unknown command.
An orc wizard appears from thin air!
Reactivating autopickup.
You open the door.
The orc shouts!
The jelly hits you.
* * * LOW HITPOINT WARNING * * *
The acid corrodes you!
You are splashed with acid!
You die...

.........# #+#...#'#.###>........
.......#####.......######........
+#...#'###...........#...........
.#####...##.........##.####......
.......#........o...'..# #......
############..o....##.## ####'#.
#.......#..# #...#. ####'####.##
#.#... #.@J.oo# ####.#.#.
######## #....#.#. #.####...
#........ #########


You could see a jelly, an orc wizard and 2 orcs.

Vanquished Creatures
  A scorpion (D:2)
  A water moccasin skeleton (D:6)
  A howler monkey (D:5)
  Crazy Yiuf (D:2)
  Jessica (D:2)
  An iguana (D:5)
  2 adders
  A white imp (D:5)
  An ufetubus (D:5)
  A worm (D:2)
  3 dart slugs
  An orc (D:5)
  3 bats
  7 endoplasms
  A giant cockroach (D:1)
  4 goblins
  6 hobgoblins
  3 jackals (D:3)
  4 quokkas
  4 ball pythons
  3 frilled lizards (D:1)
  2 kobolds (D:1)
  4 rats
56 creatures vanquished.

Vanquished Creatures (collateral kills)
  An ogre (D:5)
  An iguana (D:5)
  An adder zombie (D:5)
3 creatures vanquished.

Grand Total: 59 creatures vanquished

Notes
Turn   | Place    | Note
-------+----------+-------------------------------------------
     0 | D:1      | HallandMoats the Demonspawn Fighter began the quest for the
                  | Orb.
     0 | D:1      | Reached XP level 1. HP: 18/18 MP: 1/1
   251 | D:1      | Gained mutation: A meltable shield of frost defends you.
                  | (SH +4) [demonic ancestry]
   251 | D:1      | Reached XP level 2. HP: 24/24 MP: 2/2
   486 | D:1      | Got the Volume of the Snowflakes
   681 | D:2      | Found Vezeru's Assorted Antiques.
   724 | D:2      | Found a runed translucent door.
   725 | D:2      | Noticed Crazy Yiuf
   742 | D:2      | Reached XP level 3. HP: 29/29 MP: 3/3
   751 | D:2      | Noticed Jessica
   763 | D:2      | Reached skill level 1 in Invocations
   763 | D:2      | Killed Jessica
  1208 | D:2      | Found a faded altar of an unknown god.
  1230 | D:2      | Gained mutation: A meltable icy envelope protects you from
                  | harm. (AC +4) [demonic ancestry]
  1230 | D:2      | Reached XP level 4. HP: 34/35 MP: 4/4
  1395 | D:2      | Noticed a scorpion
  1405 | D:2      | Killed a scorpion
  1406 | D:2      | Reached skill level 1 in Dodging
  1417 | D:2      | Gained mutation: You have sharp fingernails. [demonic
                  | ancestry]
  1417 | D:2      | Reached XP level 5. HP: 25/41 MP: 6/6
  1735 | D:2      | Killed Crazy Yiuf
  2108 | D:3      | Found Vytwad's General Store.
  2217 | D:3      | You fall into a shaft and drop 2 floors!
  2217 | D:5      | Entered Level 5 of the Dungeon
  2217 | D:5      | Noticed an ogre
  2222 | D:5      | Killed an ogre
  2223 | D:5      | Reached skill level 1 in Unarmed Combat
  2223 | D:5      | Reached XP level 6. HP: 48/48 MP: 7/7
  2402 | D:5      | Found a staircase to the Ecumenical Temple.
  2412 | Temple   | Entered the Ecumenical Temple
  2792 | Temple   | Became a worshipper of Qazlal Stormbringer
  3756 | D:6      | Splashed by a jelly's acid

Illustrated notes

Levels and vault maps discovered:
D:1:      wander_arrival_lonely_grave, layout_rooms
D:2:      layout_basic, shapermc_ecumenical_altar_mp_highgroup, serial_shops,
          shop, uniq_crazy_yiuf_cottage, uniq_jessica
D:3:      layout_basic, serial_shops, nicolae_shop_crystal
D:5:      layout_basic, temple_hall, kennysheep_crisscross
D:6:      nicolae_cairo_tiling_very_big, layout_basic
Temple:   mainiacjoe_temple_trianglar_array

Skill      XL: |  1  2  3  4  5 |
---------------+----------------+-----
Axes           | 2 3 |  3.5
Invocations    | 1 2 |  2.6
Shields        | 3 |  3.9
Armour         | 3 |  3.3
Dodging        | 1 |  1.6
Unarmed Combat | 1 |  1.7
Fighting       | |  3.8

Action                   |  1- 3 |  4- 6 || total
-------------------------+-------+-------++-------
Melee: War axe           |    79 |    19 ||    98
       Unarmed           |       |   146 ||   146
  Use: Potion            |     3 |     2 ||     5
       Scroll            |       |     1 ||     1
Armor: Scale mail        |    23 |       ||    23
       Plate armour      |    20 |   103 ||   123
       Skin              |     3 |       ||     3
Dodge: Dodged            |    28 |    35 ||    63
Block: Buckler           |    28 |    89 ||   117

Table legend: (Time is in decaauts)
 A = Elapsed time spent in this place.
 B = Non-inter-level travel time spent in this place.
 C = Inter-level travel time spent in this place.
 D = Time resting spent in this place.
 E = Time spent auto-exploring this place.
 F = Levels seen in this place.
 G = Mean time per level.
                   A        B        C        D        E       F      G
               +--------+--------+--------+--------+--------+-----+--------+
         Total |   3800 |   3700 |    100 |    268 |   2779 |   6 |  633.3 |
       Dungeon |   3406 |   3359 |     47 |    268 |   2444 |   5 |  681.2 |
        Temple |    393 |    340 |     53 |      0 |    335 |   1 |  393.0 |
               +--------+--------+--------+--------+--------+-----+--------+

Top non-repeatable levels by time:
     D:2: 1277 daAuts
     D:5: 992 daAuts
     D:1: 698 daAuts
  Temple: 393 daAuts
     D:3: 285 daAuts
     D:6: 153 daAuts
